 Dungeon Sprint DCSS version 0.18-a0-1730-g73f0523 (webtiles) character file.

609 pipel the Infuser (level 7, -15/53 HPs)
             Began as a High Elf Skald on Apr 10, 2016.
             Was a Follower of Okawaru.
             Killed from afar by an efreet (23 damage)
             ... with a bolt of fire
             ... in the Dungeon (Sprint IX: "|||||||||||||||||||||||||||||").
             The game lasted 00:03:32 (274 turns).

pipel the Infuser (High Elf Skald)                   Turns: 274, Time: 00:03:33

Health: -15/53     AC:  9    Str: 11      XL:     7   Next: 19%
Magic:  2/11       EV: 14    Int: 16      God:    Okawaru [*.....]
Gold:   0          SH:  0    Dex: 14 (15) Spells: 2 memorised, 6 levels left

rFire  . . .     SeeInvis .     a - +2 scimitar (slice)
rCold  . . .     Gourm    .     r - +2 ring mail
rNeg   . . .     Faith    .     (no shield)
rPois  .         Spirit   .     (no helmet)
rElec  .         Dismiss  .     (no cloak)
rCorr  .         Reflect  .     (no gloves)
SustAt .         Harm     .     q - +0 pair of boots
MR     .....     Rnd*Rage +     (no amulet)
Stlth  +......... NoTele   +    (no ring)
                                (no ring)

@: very slightly contaminated, regenerating, not resistant to hostile
enchantments, very unstealthy
A: berserk 1, deterioration 1, weak 1, no device heal 1
a: Heroism, Renounce Religion


You were in the Dungeon.
You worshipped Okawaru.
Okawaru was aware of your devotion.
You were very hungry.

You visited 1 branch

Inventory:

Hand Weapons
 a - a +2 scimitar of slicing (weapon)
 p - a +0 falchion
Armour
 b - a +0 leather armour
 q - a +0 pair of boots (worn)
 r - a +2 ring mail (worn)
Magical Staves
 o - an uncursed staff of energy
Jewellery
 s - a +2 ring of protection
 t - a +3 ring of dexterity
Wands
 n - a wand of lightning (0/15)
Scrolls
 j - a scroll of blinking
 l - 3 scrolls of remove curse
 m - 2 scrolls of amnesia
Potions
 e - a potion of invisibility
 g - a potion of haste
 h - 4 potions of magic
 i - a potion of berserk rage
 k - 4 potions of curing
Books
 c - a book of Battle

   Spells                             Type                      Level
   a - Infusion                       Charms                       1
   b - Shroud of Golubria             Charms/Translocation         2
   c - Song of Slaying                Charms                       2
   d - Spectral Weapon                Hexes/Charms                 3
   e - Regeneration                   Charms/Necromancy            3
Comestibles
 d - a bread ration


   Skills:
 + Level 6.6 Fighting
 + Level 8.2 Long Blades
 + Level 3.8 Armour
 + Level 8.1 Dodging
 + Level 1.6 Stealth
 - Level 2.4 Spellcasting
 + Level 8.3 Charms
 * Level 5.2 Necromancy
 + Level 0.2 Invocations
 + Level 2.1 Evocations


You had 6 spell levels left.
You knew the following spells:

 Your Spells              Type           Power        Failure   Level  Hunger
a - Infusion              Chrm           ####         1%          1    #......
r - Regeneration          Chrm/Necr      ###.......   12%         3    ###....


Dungeon Overview and Level Annotations

Branches:
Dungeon (1/1)

Altars:
Cheibriados
Dithmenos
Elyvilon
Fedhas
Gozag
Kikubaaqudgha
Makhleb
Nemelex Xobeh
Okawaru
Pakellas
Qazlal
Ru
Sif Muna
Trog
Vehumet
Xom
Yredelemnul
Zin
The Shining One
Beogh
Jiyva
Lugonu


Innate Abilities, Weirdness & Mutations

You tend to lose your temper in combat.
Your body sometimes deteriorates upon taking damage.
You are weak. (Str -2)
Potions and wands are less effective at restoring your health.


Message History

There is something else lying underneath.
The floor, spattered with blood.
You feel like a meek peon again.
There is an open door to the Dungeon here.
Things that are here:
an enchanted dagger; a robe You enter the shallow water.
Moving in this stuff is going to be slow.
Your Long Blades skill increases to level 8!
Your Dodging skill increases to level 8!
You have reached level 7!
You feel your intelligence returning.
You feel your dexterity returning.
You feel a bit more experienced.
Casting: Regeneration
Confirm with . or Enter, or press ? or * to list all spells.
Your skin crawls.
You now have 2/11 mp.
The efreet gestures at you. The bolt of fire hits you!
You die...

▓§▓
▓§▓
▓R▓
▓.▓
▓)▓
▓§▓
▓§▓
▓.▓
▓@▓
▓.▓
▓)▓
▓.▓
▓.▓
▓.▓
▓'▓
▓_▓
▓_▓


There were no monsters in sight!

Vanquished Creatures
  A hungry ghost (D)
  A sky beast (D)
  A black bear (D)
  A giant frog (D)
  A wight (D)
  A quasit (D)
  An iguana (D)
  A worker ant (D)
  An adder skeleton (D)
  2 orcs (D)
  A bat (D)
  A bat skeleton (D)
  A bat zombie (D)
  3 giant cockroaches (D)
  A kobold (D)
  A ball python skeleton (D)
19 creatures vanquished.

Vanquished Creatures (others)
  An ugly thing (D)
1 creature vanquished.

Grand Total: 20 creatures vanquished

Notes
Turn   | Place    | Note
--------------------------------------------------------------
     0 | D        | pipel the High Elf Skald began the quest for the Orb.
     0 | D        | Reached XP level 1. HP: 14/14 MP: 4/4
    27 | D        | Noticed a worker ant
    27 | D        | Noticed an iguana
    32 | D        | Reached skill level 1 in Armour
    32 | D        | Reached XP level 2. HP: 15/21 MP: 1/6
    44 | D        | Reached skill level 5 in Long Blades
    44 | D        | Reached XP level 3. HP: 23/27 MP: 0/7
    61 | D        | Found a glowing silver altar of Zin.
    61 | D        | Found a glowing golden altar of the Shining One.
    61 | D        | Found an ancient bone altar of Kikubaaqudgha.
    61 | D        | Found a basalt altar of Yredelemnul.
    61 | D        | Found a shimmering altar of Xom.
    61 | D        | Found a radiant altar of Vehumet.
    62 | D        | Found an iron altar of Okawaru.
    63 | D        | Found a burning altar of Makhleb.
    64 | D        | Found a deep blue altar of Sif Muna.
    65 | D        | Found a bloodstained altar of Trog.
    66 | D        | Found a sparkling altar of Nemelex Xobeh.
    67 | D        | Found a white marble altar of Elyvilon.
    68 | D        | Found a roughly hewn altar of Beogh.
    69 | D        | Found a viscous altar of Jiyva.
    70 | D        | Became a worshipper of Warmaster Okawaru
    72 | D        | Found a corrupted altar of Lugonu.
    73 | D        | Found a blossoming altar of Fedhas.
    74 | D        | Found a snail-covered altar of Cheibriados.
    75 | D        | Found a shadowy altar of Dithmenos.
    76 | D        | Found a stormy altar of Qazlal.
    77 | D        | Found an opulent altar of Gozag.
    78 | D        | Found a sacrificial altar of Ru.
    79 | D        | Found an oddly glowing altar of Pakellas.
   127 | D        | Learned a level 3 spell: Regeneration
   198 | D        | Noticed a hungry ghost
   198 | D        | Noticed a sky beast
   203 | D        | Reached skill level 1 in Necromancy
   203 | D        | Reached XP level 4. HP: 24/34 MP: 8/8
   204 | D        | Reached skill level 5 in Dodging
   204 | D        | Reached skill level 1 in Stealth
   204 | D        | Reached skill level 5 in Charms
   221 | D        | Killed a sky beast
   221 | D        | Reached skill level 5 in Fighting
   221 | D        | Reached XP level 5. HP: 39/39 MP: 6/9
   227 | D        | Killed a hungry ghost
   227 | D        | Reached * piety under Okawaru
   227 | D        | Reached skill level 1 in Evocations
   227 | D        | Reached XP level 6. HP: 46/46 MP: 7/10
   231 | D        | Gained mutation: You tend to lose your temper in combat. [mutagenic meat]
   232 | D        | Gained mutation: You are weak. (Str -2) [mutagenic meat]
   233 | D        | Gained mutation: Potions and wands are less effective at restoring your health. [mutagenic meat]
   234 | D        | Gained mutation: Your body sometimes deteriorates upon taking damage. [mutagenic meat]
   246 | D        | Noticed a white ugly thing
   246 | D        | Noticed an orc warrior
   246 | D        | Noticed an efreet
   260 | D        | Reached skill level 5 in Necromancy
   271 | D        | Killed a white ugly thing
   271 | D        | Reached XP level 7. HP: 6/53 MP: 5/11
   274 | D        | Killed from afar by an efreet

Vault maps used:
D:        linesprint

Skill      XL: |  1  2  3  4  5  6 |
---------------+-------------------+-----
Long Blades    | 4 5 6 7 8 |  8.2
Fighting       | 3 4 5 6 |  6.6
Armour         | 1 2 3 |  3.8
Dodging        | 3 4 6 7 8 |  8.1
Charms         | 4 6 7 8 |  8.3
Necromancy     | 1 3 4 5 |  5.2
Stealth        | 1 |  1.6
Evocations     | 1 2 |  2.1
Spellcasting   | |  2.4
Invocations    | |  0.2

Action                   |  1- 3 |  4- 6 |  7- 9 || total
-------------------------+-------+-------+-------++-------
Melee: Falchion          |    42 |       |       ||    42
       Scimitar          |     3 |    32 |       ||    35
 Cast: Infusion          |     1 |       |       ||     1
       Regeneration      |       |     2 |     1 ||     3
Invok: Heroism           |       |     2 |       ||     2
Evoke: Wand              |     1 |     6 |       ||     7
  Use: Potion            |     2 |     2 |       ||     4
       Scroll            |       |     1 |       ||     1
  Eat: Chunk             |       |     5 |       ||     5
